AoeStats
← TPE-床上小旋風

Arabia

503540448Analyzed
4v4 RM · 1mo ago on Sep 1, 2026· 8m 57s· 8 players
Game mode
Random Map
Map size
Large (8 player)
Population
200
Speed
Normal
Resources
Standard
Victory
Conquest
Starting age
Dark Age
Ending age
Imperial Age
RankedLock teamsTeams togetherTeam positionsShared explorationLock speedFull tech treeHidden civsTurbo modeCheats
Victory
Defeat
🇵🇰 Byzantines · Pakistan
1419
+12
🇺🇦 Magyars · Ukraine
1412
+12
🇭🇰 Koreans · Hong Kong SAR China
1411
+12
🇲🇽 Britons · Mexico
1339
+15
🇦🇷 Khitans · Argentina
1348
-14
🇵🇪 Jurchens · Peru
1336
-13
🇲🇽 Vikings · Mexico
1311
-12
🇷🇺 Magyars · Russia
1308
-12
Fox
6:11 Loom
9:17 Feudal Age
sgt peppers s
6:40 Loom
9:14 Feudal Age
白纸o
6:15 Loom
9:26 Feudal Age
bilalnizamani001
7:21 Loom
9:41 Feudal Age
Christ
6:42 Loom
9:01 Feudal Age
TPE-床上小旋風
6:12 Loom
9:11 Feudal Age
[KoA]M4GNO
kazumakine
8:28 Loom
10:30 Feudal Age
Connection lost

Rejoining the realm…

Still unreachable

The connection could not be restored.

Session expired

The server has moved on; the page needs a fresh start.